 Dungeon Crawl Stone Soup version 0.29.0-4-gdea44cf6ec (webtiles) character file.

Game seed: 17266008367490543310

41 qw the Chopper (level 3, 0/21 HPs)
             Began as a Tengu Warper on Aug 28, 2022.
             Was an Initiate of Okawaru.
             Succumbed to a goblin's poison
             ... on level 2 of the Dungeon.
             The game lasted 00:00:05 (965 turns).

qw the Chopper (Tengu Warper)                        Turns: 965, Time: 00:00:06

Health: 0/21       AC:  5    Str: 13    XL:     3   Next: 52%
Magic:  7/7        EV: 11    Int: 13    God:    Okawaru [......]
Gold:   87         SH:  0    Dex: 13    Spells: 6/6 levels left

rFire   . . .      SeeInvis .   Y - +0 hand axe
rCold   . . .      Faith    .   (no shield)
rNeg    . . .      Spirit   .   d - +0 ring mail
rPois   .          Reflect  .   (helmet restricted)
rElec   .          Harm     .   (no cloak)
rCorr   .          Rampage  .   (no gloves)
Will    .....                   (boots unavailable)
Stlth   +.........              (no amulet)
HPRegen 0.07/turn               (no ring)
MPRegen 0.10/turn               (no ring)

@: lethally poisoned (0 -> -4), about to teleport
A: beak, talons 3
a: Renounce Religion


You were on level 2 of the Dungeon.
You worshipped Okawaru.
Okawaru was noncommittal.
You visited 1 branch of the dungeon, and saw 2 of its levels.

You collected 87 gold pieces.


Innate Abilities, Weirdness & Mutations

You have a beak for a mouth.
You have claws for feet.


   Skills:
 - Level 2.0 Fighting
 + Level 4.2 Axes
 - Level 1.0 Throwing
 - Level 1.1 Armour
 - Level 2.1 Dodging
 - Level 2.0 Spellcasting
 - Level 2.4 Translocations


You had 6 spell levels left.
You didn't know any spells.
Your spell library contained the following spells:

 Spells                   Type           Power      Damage    Failure   Level
 Blink                    Tloc           14%        N/A       30%         2
 Gell's Gravitas          Tloc           7%         N/A       52%         3
 Lesser Beckoning         Tloc           7%         N/A       52%         3
 Teleport Other           Tloc           7%         N/A       52%         3
 Manifold Assault         Tloc           7%         N/A       99%         5

Inventory:

Hand Weapons
 g - a +0 whip
 Y - a +0 hand axe (weapon)
Armour
 d - a +0 ring mail (worn)
Scrolls
 a - a scroll of identify
 b - a scroll of enchant weapon {unknown}
Potions
 i - a potion of curing
 j - a potion of berserk rage {unknown}

Dungeon Overview and Level Annotations

Branches:
Dungeon (2/15)

Altars:
Okawaru


Message History

You feel very sick. The goblin completely misses you.
The goblin closely misses you.
You completely miss the goblin. You claw the goblin.
You kill the goblin!
Okawaru accepts your kill.
You closely miss the goblin.
You feel sick. The goblin closely misses you.
You barely miss the goblin. Your peck misses the goblin. You hit the goblin.
You feel sick. The goblin barely misses you.
The goblin hits you but does no damage.
You are lethally poisoned!
You hit the goblin.
You kill the goblin!
Okawaru accepts your kill.
You hit the goblin.
You feel very sick. The goblin hits you but does no damage.
You barely miss the goblin.
The goblin is moderately wounded.
You feel very sick. The goblin hits you with a +0 club.
You hit the goblin.
You kill the goblin!
Okawaru accepts your kill.
You feel very sick.
962 ||| READING scroll of teleportation.
As you read the scroll of teleportation, it crumbles to dust.
You feel strangely unstable.
You feel sick. The goblin hits you but does no damage.
You miss the goblin. You peck the goblin.
The goblin is severely wounded.
You feel sick. The goblin barely misses you.
The goblin hits you but does no damage.
You barely miss the goblin. Your kick misses the goblin.
The goblin is severely wounded.
You feel sick. The goblin hits you but does no damage.
You closely miss the goblin. You claw the goblin.
You kill the goblin!
Okawaru accepts your kill.
You die...

#......#.# #.
#.####.....##...#.
.g..g..#...............#
8gg..g8#..###.######.....
.[...g.#..#..............
8.....8#..#...####### .
.......#..#........
8.....8#..#...#####
.......#@...#.#
.....g.))...#.#
#########.#.#.#
.....>..#.#.# #####.#.#.#
#...#.# #####.# #.# #.#


You could see a goblin.

Vanquished Creatures
  2 adders (D:2)
  A dart slug (D:1)
  3 ball pythons
  6 goblins
  A hobgoblin (D:1)
  3 jackals (D:1)
  A quokka (D:1)
  3 bats (D:1)
  2 rats (D:1)
22 creatures vanquished.

Notes
Turn   | Place    | Note
-------+----------+-------------------------------------------
     0 | D:1      | qw the Tengu Warper began the quest for the Orb.
     0 | D:1      | Reached XP level 1. HP: 12/12 MP: 4/4
     0 | D:1      | 0 ||| qw: Version: 0.1-a-89-g26bdef1
     0 | D:1      | 0 ||| qw: Game counter: 2967
     0 | D:1      | 0 ||| qw: Always use a shield: true
     0 | D:1      | 0 ||| qw: God list: Okawaru
     0 | D:1      | 0 ||| qw: Allow faded altars: false
     0 | D:1      | 0 ||| qw: Do Orc after D:15 true
     0 | D:1      | 0 ||| qw: Do second Lair branch before Depths: true
     0 | D:1      | 0 ||| qw: Lair rune preference: random
     0 | D:1      | 0 ||| qw: Plans: Normal
     0 | D:1      | 0 ||| PLANNING D:1-11
   283 | D:1      | Found a faded altar of an unknown god.
   325 | D:1      | Reached XP level 2. HP: 17/17 MP: 6/6
   356 | D:1      | Reached skill level 3 in Axes
   388 | D:1      | 388 ||| Stepping ~*~*~tactically~*~*~ (stealth).
   389 | D:1      | 389 ||| Stepping ~*~*~tactically~*~*~ (stealth).
   390 | D:1      | 390 ||| Stepping ~*~*~tactically~*~*~ (stealth).
   391 | D:1      | 391 ||| Stepping ~*~*~tactically~*~*~ (stealth).
   392 | D:1      | 392 ||| Stepping ~*~*~tactically~*~*~ (stealth).
   393 | D:1      | 393 ||| Stepping ~*~*~tactically~*~*~ (stealth).
   394 | D:1      | 394 ||| Stepping ~*~*~tactically~*~*~ (stealth).
   395 | D:1      | 395 ||| Stepping ~*~*~tactically~*~*~ (stealth).
   736 | D:1      | 736 ||| UPGRADING to +0 ring mail.
   746 | D:1      | 746 ||| DROPPING +0 leather armour.
   747 | D:1      | 747 ||| READING 4 scrolls labelled SEXYSS TENYEJ.
   748 | D:1      | 748 ||| READING 2 scrolls labelled AHOSIU DOXTUTZ.
   752 | D:1      | 752 ||| READING 3 scrolls of identify.
   752 | D:1      | 752 ||| IDENTIFYING smoky golden potion
   753 | D:1      | 753 ||| READING 2 scrolls of identify.
   753 | D:1      | 753 ||| IDENTIFYING sedimented amethyst potion
   754 | D:1      | 754 ||| DROPPING scroll of blinking.
   755 | D:1      | 755 ||| DROPPING potion of flight.
   791 | D:2      | Reached XP level 3. HP: 21/21 MP: 7/7
   801 | D:2      | Reached skill level 4 in Axes
   894 | D:2      | Found an iron altar of Okawaru.
   923 | D:2      | Became a worshipper of Warmaster Okawaru
   948 | D:2      | 948 ||| Stepping ~*~*~tactically~*~*~ (hiding).
   961 | D:2      | HP: 5/21 [poisoned by a goblin]
   962 | D:2      | 962 ||| READING scroll of teleportation.
   963 | D:2      | HP: 2/21 [poisoned by a goblin]
   965 | D:2      | Succumbed to a goblin's poison

Levels and vault maps discovered:
D:1:      dpeg_arrival_castle, layout_basic, hellmonk_ecumenical_altar_zigzags
D:2:      kennysheep_the_goblin_king, layout_basic, basic_altar,
          grunt_decor_cap, lemuel_flame_loot_1

Skill      XL: |  1  2  3 |
---------------+----------+-----
Axes           | 3 4 |  4.2
Fighting       | |  2.0
Throwing       | |  1.0
Armour         | |  1.1
Dodging        | |  2.1
Spellcasting   | |  2.0
Translocations | |  2.4

Action                   || total
-------------------------++-------
Melee: Hand axe          ||    54
       Peck              ||    10
       Kick              ||     6
       Punch             ||     1
Throw: Boomerang         ||     7
  Use: Scroll            ||     5
Armor: Leather armour    ||    15
       Ring mail         ||    13
Dodge: Dodged            ||    30

Table legend:
 A = Non-vault XP
 B = Vault XP
 C = Vault XP percentage of total XP
 D = Non-vault monster count
 E = Vault monster count
 F = Vault count percentage of total count
                 A         B        C        D         E       F
            +---------+---------+-------+---------+---------+-------
      Total |      52 |       9 |  14.8 |      17 |       5 |  22.7
            +---------+---------+-------+---------+---------+-------
        D:1 |      23 |       0 |   0.0 |      13 |       0 |   0.0
        D:2 |      29 |       9 |  23.7 |       4 |       5 |  55.6
            +---------+---------+-------+---------+---------+-------
